Map: Coda LE (Void)

Players

Gombrich - Winner!

  • Race: Zerg Zerg

AgCl

  • Race: Protoss Protoss

VOD

Have the link to the VOD?

Description

Time

  • Played on: May 4, 2015, 10:15 p.m.
  • Length: 17:33
Show
View Real Time Build Order
Export as new Build Order

Gombrich Zerg - Winner!

Build Orders: 3 Hatch before Pool, Swarm Host 

Get SALT Encoding   

  12  0:01  Drone  
  13  0:12  Overlord  
  13  0:18  Drone  
  14  0:31  Drone  
  14  0:33  Drone  
  16  0:51  Hatchery  
  16  0:54  Drone  
  17  0:57  Drone  
  17  1:05  Drone  
  18  1:24  Hatchery  
  17  1:28  Drone x2  
  19  1:41  Spawning Pool  
  19  1:44  Drone  
  19  1:47  Extractor  
  19  1:49  Drone  
  19  1:59  Overlord  
  19  2:04  Drone  
  20  2:10  Drone  
  21  2:17  Drone  
  21  2:21  Drone  
  23  2:25  Drone  
  23  2:28  Queen  
  26  2:30  Queen  
  26  2:34  Drone  
  26  2:37  Drone  
  30  2:39  Drone  
  31  2:46  Zergling x2  
  31  2:52  Overlord  
  31  2:53  Drone  
  30  3:06  Metabolic Boost, Drone  
  30  3:08  Drone  
  32  3:13  Drone x2  
  34  3:20  Drone x2  
  34  3:21  Drone  
  34  3:24  Drone  
  38  3:31  Drone x3  
  38  3:33  Drone  
  42  3:38  Drone x2  
  44  3:43  Roach Warren  
  44  3:48  Lair  
  43  3:53  Spine Crawler  
  42  3:56  Spine Crawler  
  42  3:58  Spine Crawler  
  42  4:00  Drone  
  41  4:05  Drone x2  
  41  4:06  Evolution Chamber  
  41  4:07  Drone  
  41  4:08  Drone  
  44  4:12  Overlord  
  44  4:15  Drone x2  
  46  4:17  Drone  
  46  4:22  Zergling x2  
  48  4:24  Spine Crawler  
  48  4:25  Roach  
  48  4:29  Overlord  
  48  4:30  Overlord  
  49  4:36  Zerg Missile Weapons Level 1  
  47  4:40  Extractor  
  47  4:42  Extractor  
  47  4:44  Drone x4  
  49  4:46  Extractor  
  49  4:50  Roach  
  52  4:54  Queen  
  52  5:07  Drone x4  
  52  5:08  Drone x4  
  60  5:16  Infestation Pit  
  59  5:21  Queen  
  59  5:24  Roach x2  
  65  5:30  Queen  
  65  5:31  Spore Crawler  
  65  5:33  Drone x2  
  68  5:48  Drone, Spire  
  68  5:49  Overlord x3  
  68  6:10  Swarm Host x3  
  77  6:15  Swarm Host  
  80  6:23  Swarm Host  
  83  6:27  Overseer  
  83  6:31  Overlord  
  83  6:36  Swarm Host  
  86  6:48  Hatchery  
  86  6:51  Swarm Host  
  85  7:16  Hive  
  85  7:18  Hatchery  
  85  7:21  Drone  
  85  7:24  Overlord  
  85  7:28  Overlord  
  85  7:38  Drone  
  85  7:39  Zerg Missile Weapons Level 2  
  85  7:41  Overlord  
  86  7:48  Overlord  
  86  7:56  Swarm Host  
  89  7:59  Drone  
  89  8:05  Drone x2  
  92  8:10  Drone  
  93  8:17  Swarm Host  
  96  8:21  Queen  
  98  8:34  Swarm Host  
  98  8:35  Swarm Host  
  104  8:43  Drone  
  104  8:44  Drone x5  
  104  8:46  Greater Spire  
  110  8:55  Overlord x2  
  110  8:59  Corruptor  
  112  9:06  Drone x3  
  112  9:07  Queen  
  117  9:15  Corruptor  
  117  9:16  Corruptor  
  121  9:33  Swarm Host x3  
  130  9:40  Overlord x2  
  130  9:44  Drone x2  
  132  10:10  Corruptor x4  
  140  10:16  Drone x3  
  140  10:17  Drone x2, Queen  
  140  10:18  Extractor x2  
  145  10:28  Overlord x3  
  143  10:32  Spine Crawler x2  
  143  10:33  Drone x3, Spine Crawler  
  143  10:34  Spine Crawler  
  143  10:35  Spine Crawler  
  137  10:44  Drone x5  
  142  10:55  Overlord x2  
  142  10:56  Overlord  
  142  10:57  Corruptor x2  
  142  11:00  Zerg Flyer Weapons Level 1  
  146  11:06  Overseer  
  146  11:07  Overseer  
  146  11:20  Corruptor  
  154  11:26  Spine Crawler  
  154  11:30  Spine Crawler  
  152  11:33  Brood Lord x3  
  152  11:37  Overlord  
  152  11:50  Drone  
  152  11:52  Spine Crawler  
  152  11:53  Brood Lord  
  152  11:54  Spine Crawler, Brood Lord  
  155  11:58  Spine Crawler x2  
  155  11:59  Spine Crawler  
  155  12:00  Spine Crawler  
  151  12:05  Viper  
  154  12:09  Drone x2  
  154  12:10  Drone  
  157  12:20  Spore Crawler x3  
  157  12:22  Spore Crawler  
  153  12:23  Spore Crawler  
  153  12:26  Corruptor x4  
  160  12:36  Viper  
  163  13:01  Viper  
  166  13:07  Overseer x3  
  166  13:11  Spore Crawler  
  166  13:12  Spore Crawler  
  164  13:14  Spore Crawler x2  
  164  13:15  Spore Crawler  
  161  13:20  Corruptor x2  
  161  13:26  Spore Crawler  
  164  13:27  Spore Crawler  
  164  13:28  Spore Crawler, Viper  
  164  13:29  Spore Crawler  
  164  13:33  Spore Crawler  
  163  13:36  Spore Crawler  
  163  13:40  Queen  
  164  13:56  Corruptor x3  
  170  14:18  Corruptor x3  
  176  14:36  Drone x5  
  181  14:40  Viper  
  181  14:42  Viper  
  181  14:43  Spore Crawler  
  186  14:45  Spore Crawler  
  185  15:12  Corruptor  
  185  15:13  Corruptor x3  
  193  15:28  Corruptor  
  193  15:29  Corruptor  
  197  15:48  Viper  
  189  16:12  Hatchery  
  189  16:13  Spore Crawler  
  189  16:14  Spore Crawler x2  
  185  16:20  Viper x2  
  191  16:27  Drone  
  191  16:28  Drone x4  
  191  16:31  Extractor  
  195  16:33  Spore Crawler  
  195  16:35  Extractor  
  195  16:37  Spore Crawler  
  195  16:38  Spore Crawler  
  195  16:39  Spore Crawler  
  190  16:43  Extractor  
  189  16:47  Viper  
Show
View Real Time Build Order
Export as new Build Order

AgCl Protoss 

Build Orders: 1 Gate Expand 

Get SALT Encoding   

  12  0:04  Probe  
  13  0:19  Probe, Pylon  
  14  0:37  Probe (Chrono Boost)  
  15  0:49  Probe (Chrono Boost)  
  16  0:50  Gateway  
  17  0:58  Probe (Chrono Boost)  
  17  1:06  Probe  
  18  1:18  Probe  
  19  1:30  Assimilator  
  19  1:34  Nexus  
  19  1:38  Zealot (Chrono Boost)  
  21  1:45  Cybernetics Core  
  21  1:49  Probe  
  22  2:14  Gateway  
  22  2:21  Pylon  
  22  2:23  Warp Gate (Chrono Boost)  
  22  2:30  Assimilator  
  22  2:42  Probe (Chrono Boost)  
  23  2:45  Forge  
  23  2:48  Probe (Chrono Boost)  
  24  2:56  Probe (Chrono Boost)  
  24  2:57  Probe (Chrono Boost)  
  24  3:04  Probe  
  25  3:06  Mothership Core  
  27  3:16  Probe  
  27  3:18  Pylon  
  28  3:27  Gateway  
  28  3:29  Gateway, Probe (Chrono Boost)  
  28  3:33  Probe (Chrono Boost)  
  30  3:38  Pylon  
  31  3:43  Probe (Chrono Boost), Protoss Ground Weapons Level 1 (Chrono Boost)  
  31  3:44  Probe (Chrono Boost)  
  32  3:50  Probe  
  32  3:51  Probe  
  35  4:03  Probe (Chrono Boost)  
  35  4:08  Probe (Chrono Boost)  
  36  4:10  Twilight Council  
  37  4:17  Zealot x2  
  37  4:19  Probe (Chrono Boost)  
  37  4:20  Probe (Chrono Boost)  
  37  4:23  Zealot  
  44  4:26  Probe x2 (Chrono Boost)  
  44  4:27  Zealot  
  48  4:37  Probe x2 (Chrono Boost)  
  50  4:40  Stalker  
  50  4:42  Zealot  
  50  4:43  Probe x2 (Chrono Boost)  
  56  4:49  Dark Shrine  
  56  4:55  Probe x2  
  58  5:05  Zealot  
  60  5:14  Pylon  
  60  5:16  Assimilator x2  
  60  5:19  Charge (Chrono Boost)  
  60  5:21  Pylon x2  
  60  5:31  Pylon  
  60  5:32  Probe  
  61  5:37  Probe  
  62  5:44  Probe  
  62  5:49  Probe  
  64  5:56  Probe  
  65  6:02  Probe (Chrono Boost)  
  66  6:07  Dark Templar x2  
  66  6:10  Probe (Chrono Boost)  
  71  6:12  Nexus  
  71  6:15  Assimilator  
  72  6:19  Probe (Chrono Boost), Pylon, Assimilator  
  72  6:21  Probe (Chrono Boost), Pylon  
  72  6:25  Dark Templar  
  75  6:26  Probe (Chrono Boost)  
  75  6:27  Dark Templar  
  68  7:07  Dark Templar x2  
  68  7:08  Zealot x2  
  64  7:15  Stargate  
  66  7:18  Probe, Pylon  
  66  7:19  Gateway  
  66  7:21  Gateway x2, Pylon  
  67  7:25  Probe (Chrono Boost)  
  67  7:27  Probe (Chrono Boost)  
  69  7:32  Probe (Chrono Boost)  
  70  7:39  Probe (Chrono Boost)  
  70  7:44  Probe (Chrono Boost), Photon Cannon  
  72  7:50  Photon Cannon  
  72  7:52  Photon Cannon  
  72  7:54  Pylon  
  72  8:04  Pylon  
  72  8:06  Photon Cannon  
  72  8:09  Pylon  
  72  8:15  Protoss Air Weapons Level 1 (Chrono Boost)  
  72  8:16  Fleet Beacon  
  72  8:17  Pylon  
  72  8:18  Protoss Ground Weapons Level 2 (Chrono Boost)  
  72  8:21  Stargate  
  72  8:22  Pylon  
  71  8:29  Dark Templar  
  71  8:30  Dark Templar  
  65  8:46  Dark Shrine  
  65  8:57  Photon Cannon x2  
  65  8:58  Gateway  
  65  8:59  Gateway, Carrier (Chrono Boost)  
  65  9:00  Pylon  
  65  9:01  Probe (Chrono Boost)  
  68  9:03  Nexus  
  68  9:06  Probe x2 (Chrono Boost), Pylon  
  74  9:30  Graviton Catapult (Chrono Boost)  
  74  9:32  Phoenix (Chrono Boost)  
  74  9:39  Carrier (Chrono Boost)  
  80  10:04  Carrier (Chrono Boost)  
  80  10:11  Pylon  
  80  10:12  Zealot x2, Pylon  
  90  10:23  Templar Archives  
  88  10:35  Pylon  
  88  10:48  Pylon  
  88  10:50  Psionic Storm  
  88  10:52  Gateway  
  88  10:54  Gateway  
  88  10:57  Gateway  
  88  11:06  Nexus, Assimilator  
  88  11:07  Carrier (Chrono Boost)  
  88  11:10  Pylon  
  88  11:11  Assimilator  
  88  11:14  Photon Cannon  
  94  11:47  Protoss Air Weapons Level 2 (Chrono Boost), Carrier (Chrono Boost)  
  100  12:19  Carrier (Chrono Boost)  
  100  12:22  Robotics Facility  
  106  12:40  Protoss Ground Weapons Level 3 (Chrono Boost)  
  106  12:59  Oracle (Chrono Boost)  
  109  13:10  Nexus  
  108  13:12  Pylon  
  108  13:37  Nexus  
  108  13:39  Pylon  
  108  13:40  Robotics Facility  
  108  13:41  Stargate  
  108  13:44  Pylon  
  106  13:53  Carrier (Chrono Boost)  
  106  13:57  Void Ray (Chrono Boost)  
  113  14:18  Zealot x2  
  117  14:31  Probe x3  
  120  14:43  Void Ray (Chrono Boost)  
  124  14:46  Void Ray (Chrono Boost)  
  124  14:49  Observer (Chrono Boost)  
  129  14:55  Protoss Air Weapons Level 3 (Chrono Boost)  
  129  15:03  Observer (Chrono Boost)  
  125  15:07  Carrier (Chrono Boost)  
  125  15:08  Carrier (Chrono Boost)  
  125  15:33  Carrier (Chrono Boost)  
  137  15:37  Nexus  
  137  16:09  Carrier (Chrono Boost)  
  137  16:11  High Templar x4  
  139  16:13  Dark Templar  
  139  16:17  Archon, Carrier (Chrono Boost)  
  145  16:18  Archon  
  148  16:28  Probe x2 (Chrono Boost)  
  148  16:29  Probe (Chrono Boost)  
  146  17:11  Observer  
Tags
 
Add a new tag
Caveats
  • Supply blocks, unpowered buildings, or Contaminate may cause inaccurate times.
  • Supply counts are checked every 10 seconds.